 Dungeon Crawl Stone Soup version 0.30-a0-718-geaa24f58ff (webtiles) character file.

Game seed: 9009216004288550039

21 hikkokomori the Trooper (level 2, -4/16 HPs)
             Began as a Vine Stalker Fighter on Jan 26, 2023.
             Engulfed by a cloud of flame (20 damage)
             ... on level 1 of the Dungeon.
             The game lasted 00:01:10 (794 turns).

hikkokomori the Trooper (Vine Stalker Fighter)       Turns: 794, Time: 00:01:10

Health: -4/16      AC:  6    Str: 18    XL:     2   Next: 83%
Magic:  0/3        EV:  9    Int:  8    God:
Gold:   55         SH:  4    Dex: 13    Spells: 1/1 levels left

rFire   . . .      SeeInvis .    a - +0 flail
rCold   . . .      Faith    .    c - +0 buckler
rNeg    . . .      Spirit   +    b - +0 scale mail
rPois   .          Reflect  .    (no helmet)
rElec   .          Harm     .    (no cloak)
rCorr   .          Rampage  .    (no gloves)
Will    .....                    (no boots) Stlth
                                 (no amulet)
HPRegen 0.22/turn                (no ring)
MPRegen 0.08/turn                (no ring)

@: no status effects
A: fangs 2, magic shield, antimagic bite, no potion heal 2
a: no special abilities


You were on level 1 of the Dungeon.
You visited 1 branch of the dungeon, and saw 1 of its levels.

You collected 55 gold pieces.

Inventory:

Hand Weapons
 a - a +0 flail (weapon)
Armour
 b - a +0 scale mail (worn)
 c - a +0 buckler (worn)
 j - a +2 kite shield
Wands
 i - a wand of polymorph (7)
Scrolls
 e - a scroll of identify {unknown}
Potions
 d - a potion of might
 f - a potion of resistance {unknown}
 g - a potion of haste {unknown}
 h - a potion of curing {unknown}


   Skills:
 + Level 2.9 Fighting
 + Level 2.1 Maces & Flails
 - Level 2.4 Armour
 + Level 1.4 Stealth
 + Level 2.9 Shields


You had one spell level left.
You didn't know any spells.
Your spell library was empty.

Dungeon Overview and Level Annotations

Branches:
Dungeon (1/15)

Altars:


Innate Abilities, Weirdness & Mutations

You have extremely sharp teeth.
When hurt, damage is shared between your health and your magic reserves.
Your bite disrupts and absorbs the magic of your enemies.
Potions cannot restore your health.


Message History

A goblin comes into view. It is wielding a +0 dagger.
The kobold barely misses you.
You miss the kobold.
The goblin shouts!
Your bite misses the kobold. The kobold closely misses you.
The kobold barely misses you.
You barely miss the kobold. You bite the kobold. You drain its power.
The kobold is moderately wounded.
The kobold barely misses you.
You hit the kobold.
You kill the kobold!
You sock the goblin!
You kill the goblin!
No target in view!
No target in view!
No target in view!
No target in view!
No target in view!
Items here: ( )) †.
You now have 40 gold pieces (gained 14).
Partly explored, can't reach some items and places.
Partly explored, can't reach some items and places.
Partly explored, can't reach some items and places.
Partly explored, can't reach some items and places.
No target in view!
You see here a +0 short sword.
You see here a +0 robe.
You see here a +0 sling.
Really stalk into a travel-excluded area?
g - a yellow potion
h - an emerald potion
i - a wand of polymorph (7)
You see here a +2 kite shield.
You now have 55 gold pieces (gained 15).
You see here a +2 kite shield.
j - a +2 kite shield Really stalk into a travel-excluded area?
You are engulfed in blazing flames.
Ouch! That really hurt!
You die...

.#.# #.#.##.## #.#
##.# #####...# #.#
>#.# #§§.# #># .#.#
#§§○# ####.# .#.#
#°§○# #....# ...#
######...#####.####
...####.○☼§.....§☼§..#
........○§§.....°§○..#
.....##.°☼§.....@○☼..#
....########...#####.#
....### #°§○# #.#
.....[## #☼§☼# #.#
.......# #§○§# #.#
...#...## #$..# #.#
.....#.[#####.######.#
..#.###..............#
..#..#..##############


There were no monsters in sight!

Vanquished Creatures
  2 dart slugs (D:1)
  3 endoplasms (D:1)
  A goblin (D:1)
  3 hobgoblins (D:1)
  A frilled lizard (D:1)
  2 kobolds (D:1)
  4 rats (D:1)
16 creatures vanquished.

Notes
Turn   | Place    | Note
-------+----------+-------------------------------------------
     0 | D:1      | hikkokomori the Vine Stalker Fighter began the quest for
                  | the Orb.
     0 | D:1      | Reached XP level 1. HP: 11/11 MP: 2/2
    85 | D:1      | Reached skill level 1 in Stealth
    85 | D:1      | Reached XP level 2. HP: 15/16 MP: 3/3
   794 | D:1      | Engulfed by a cloud of flame

Illustrated notes

Levels and vault maps discovered:
D:1:      saegor_arrival_simple_a, layout_loops_ring,
          nicolae_kite_square_tiling_tiny, lemuel_flame_loot_1

Skill      XL: |  1 |
---------------+----+-----
Maces & Flails | 2 |  2.1
Stealth        | 1 |  1.4
Fighting       | |  2.9
Armour         | |  2.4
Shields        | |  2.9

Action                     || total
---------------------------++-------
  Melee: Flail             ||    52
         Bite              ||     9
 Armour: Scale mail        ||    17
  Dodge: Dodged            ||    27
  Block: Buckler           ||     7

Table legend: (Time is in decaauts)
 A = Elapsed time spent in this place.
 B = Non-inter-level travel time spent in this place.
 C = Inter-level travel time spent in this place.
 D = Time resting spent in this place.
 E = Time spent auto-exploring this place.
 F = Levels seen in this place.
 G = Mean time per level.
                   A        B        C        D        E       F      G
               +--------+--------+--------+--------+--------+-----+--------+
         Total |    811 |    741 |     70 |      0 |    585 |   1 |  811.0 |
       Dungeon |    811 |    741 |     70 |      0 |    585 |   1 |  811.0 |
               +--------+--------+--------+--------+--------+-----+--------+

Top non-repeatable levels by time:
     D:1: 811 daAuts
